Map: Dusk Towers

Players

capac - Winner!

  • Race: Terran Terran
  • League: Gold

Blackhope

  • Race: Zerg Zerg
  • League: Gold

VOD

Have the link to the VOD?

Description

Time

  • Played on: Feb. 21, 2016, 11:06 a.m.
  • Length: 7:03
Show
View Real Time Build Order
Export as new Build Order

capac Terran - Winner!

Build Orders: MMM Bio 

Get SALT Encoding   

  12  0:01  SCV  
  13  0:13  SCV  
  14  0:18  Supply Depot  
  14  0:25  SCV  
  15  0:39  SCV  
  15  0:42  Barracks  
  16  0:44  Refinery  
  16  0:52  SCV  
  17  1:04  SCV  
  18  1:16  SCV  
  19  1:28  SCV  
  19  1:31  Barracks Reactor  
  20  1:37  Command Center  
  20  1:40  SCV  
  21  1:49  Supply Depot  
  21  1:53  SCV  
  22  2:05  SCV  
  23  2:10  Marine x2  
  23  2:14  Barracks  
  25  2:23  Refinery  
  25  2:29  Orbital Command  
  25  2:33  Marine x2  
  26  2:53  Factory, Marine x2  
  28  3:03  Orbital Command  
  28  3:08  Barracks Tech Lab  
  28  3:13  Marine x2  
  30  3:20  SCV  
  30  3:27  Marine  
  31  3:31  Marine x2, Stimpack  
  31  3:33  SCV x2  
  36  3:42  Starport  
  36  3:46  SCV x2  
  38  3:48  Factory Reactor  
  38  3:50  Marine  
  38  3:51  Marine  
  38  3:53  Marine  
  41  3:58  SCV  
  41  4:01  SCV  
  43  4:08  Marine  
  43  4:09  Marine  
  45  4:10  Marine  
  45  4:13  Supply Depot  
  45  4:17  SCV x2  
  48  4:30  Marine x3  
  51  4:37  Supply Depot  
  51  4:38  SCV  
  51  4:39  Barracks, SCV  
  51  4:41  Factory Tech Lab  
  51  4:43  Medivac  
  51  4:44  Medivac  
  57  4:53  Engineering Bay  
  57  4:59  Refinery  
  57  5:00  SCV  
  57  5:01  SCV  
  57  5:06  Siege Tank  
  62  5:08  Marine  
  63  5:15  SCV x2  
  65  5:27  SCV x2  
  65  5:28  Marine x2  
  67  5:29  Marine  
  67  5:31  Barracks, Barracks Reactor  
  67  5:32  Combat Shields  
  70  5:41  Refinery  
  70  5:49  Supply Depot, SCV x2  
  72  5:57  Marine x3  
  75  6:18  Marine  
  75  6:19  Marine x2  
  78  6:28  Barracks Reactor  
  78  6:29  Medivac x2  
  78  6:30  Siege Tank  
  85  6:36  Marine  
  86  6:42  Marine x2  
Show
View Real Time Build Order
Export as new Build Order

Blackhope Zerg 

Build Orders: Hatch First 

Get SALT Encoding   

  12  0:01  Drone  
  13  0:13  Overlord  
  13  0:17  Drone  
  14  0:31  Drone x2  
  14  0:35  Drone  
  17  0:55  Hatchery  
  16  0:57  Drone  
  17  1:11  Spawning Pool  
  17  1:13  Drone  
  17  1:17  Extractor  
  16  1:19  Drone  
  16  1:23  Drone  
  18  1:29  Overlord  
  18  1:40  Drone  
  19  1:52  Drone  
  20  2:08  Queen x2  
  22  2:12  Zergling x6  
  27  2:17  Metabolic Boost  
  27  2:20  Drone  
  28  2:32  Drone x2  
  30  2:41  Drone x2  
  32  2:46  Overlord  
  32  3:00  Baneling Nest  
  32  3:04  Overlord  
  31  3:06  Drone x2  
  31  3:07  Drone  
  34  3:14  Lair  
  34  3:21  Queen  
  36  3:32  Drone x3  
  39  3:35  Drone  
  39  3:39  Overlord  
  40  3:41  Drone  
  40  3:42  Hatchery  
  40  3:55  Extractor  
  40  3:56  Drone x2  
  40  3:57  Drone x5  
  46  4:06  Drone  
  46  4:07  Drone x3  
  50  4:10  Extractor  
  50  4:12  Extractor  
  48  4:18  Drone x2  
  50  4:33  Spire  
  49  4:49  Spore Crawler  
  48  4:53  Spore Crawler  
  48  4:58  Queen  
  49  5:02  Overlord x4  
  49  5:04  Drone x8  
  49  5:05  Drone  
  58  5:22  Drone x4  
  58  5:23  Drone x2  
  58  5:25  Extractor  
  58  5:28  Overlord x2, Extractor  
  62  5:30  Drone  
  63  5:55  Drone x2  
  65  5:57  Evolution Chamber  
  65  5:58  Drone x3  
  65  5:59  Evolution Chamber, Drone x3  
  69  6:10  Zergling x2  
  69  6:11  Zergling x12  
  54  6:28  Zergling x14  
Tags
 
Composition
MMM Bio
League
GoldGold
Matchup
TvZ
Add a new tag
Caveats
  • Supply blocks, unpowered buildings, or Contaminate may cause inaccurate times.
  • Supply counts are checked every 10 seconds.